 Dungeon Crawl Stone Soup version 0.21.0-24-g2553a33 (webtiles) character file.

16 tidbits the Firebug (level 2, -3/20 HPs)
             Began as a Gnoll Fire Elementalist on Jan 19, 2018.
             Slain by an adder (4 damage)
             ... on level 2 of the Dungeon.
             The game lasted 00:01:38 (187 turns).

tidbits the Firebug (Gnoll Fire Elementalist)        Turns: 187, Time: 00:01:39

Health: -3/20      AC:  3    Str: 10    XL:     2   Next: 54%
Magic:  4/7        EV: 14    Int: 17    God:
Gold:   18         SH:  0    Dex: 15    Spells: 9/10 levels left

rFire    . . .     SeeInvis .   (no weapon)
rCold    . . .     Gourm    .   (no shield)
rNeg     . . .     Faith    .   B - +0 robe
rPois    .         Spirit   .   (no helmet)
rElec    .         Reflect  .   (no cloak)
rCorr    .         Harm     .   G - +0 pair of gloves
MR       .....                  (no boots)
Stlth    ++........             (no amulet)
HPRegen  0.06/turn              (no ring)
MPRegen  0.10/turn              (no ring)

@: very slow
A: distributed training, fangs 1, strong nose
a: no special abilities


You were on level 2 of the Dungeon.
You were not hungry.

You visited 1 branch of the dungeon, and saw 2 of its levels.

You collected 18 gold pieces.

Inventory:

Armour
 B - a +0 robe (worn)
 G - a +0 pair of gloves (worn)
Scrolls
 a - 2 scrolls of magic mapping
 d - a scroll of remove curse {unknown}
 e - a scroll of identify {unknown}
Books
 b - a book of Flames

   Spells                             Type                      Level
   a - Flame Tongue                   Conjuration/Fire             1
   b - Throw Flame                    Conjuration/Fire             2
   c - Conjure Flame                  Conjuration/Fire             3
   d - Inner Flame                    Hexes/Fire                   3
   e - Sticky Flame                   Conjuration/Fire             4
   f - Fireball                       Conjuration/Fire             5
Comestibles
 c - a ration


   Skills:
 + Level 0.4 Fighting
 + Level 0.4 Short Blades
 + Level 0.4 Long Blades
 + Level 0.4 Axes
 + Level 0.4 Maces & Flails
 + Level 0.4 Polearms
 + Level 0.4 Staves
 + Level 0.4 Slings
 + Level 0.4 Bows
 + Level 0.4 Crossbows
 + Level 0.4 Throwing
 + Level 0.4 Armour
 + Level 4.5 Dodging
 + Level 4.1 Stealth
 + Level 0.4 Shields
 + Level 0.4 Unarmed Combat
 + Level 4.9 Spellcasting
 + Level 2.0 Conjurations
 + Level 0.2 Hexes
 + Level 0.2 Charms
 + Level 0.2 Summonings
 + Level 0.2 Necromancy
 + Level 0.2 Translocations
 + Level 0.2 Transmutations
 + Level 5.3 Fire Magic
 + Level 0.2 Ice Magic
 + Level 0.2 Air Magic
 + Level 0.2 Earth Magic
 + Level 0.2 Poison Magic
 + Level 0.5 Invocations
 + Level 0.4 Evocations


You had 9 spell levels left.
You knew the following spells:

 Your Spells              Type           Power        Failure   Level  Hunger
a - Flame Tongue          Conj/Fire      ###..        3%          1    None


Dungeon Overview and Level Annotations

Branches:
Dungeon (2/15)

Altars:


Innate Abilities, Weirdness & Mutations

Your experience applies equally to all skills.
You have very sharp teeth.
Your uncanny sense of smell can sniff out nearby items.


Message History

The flame tongue hits the dart slug.
The dart slug is severely wounded.
The dart slug launches a dart at you. The slug dart hits you!
* * * LOW HITPOINT WARNING * * *
Casting: Flame Tongue
Confirm with . or Enter, or press ? or * to list all spells.
You don't have enough magic to cast that spell.
You hit the dart slug. You punch the dart slug.
You kill the dart slug!
You see here a dart slug corpse.
You see here a dart slug corpse.
Found a club.
A dart slug comes into view.
A kobold comes into view.
The kobold shouts!
The kobold throws a stone.
The stone misses you.
The kobold throws a stone.
The stone closely misses you.
Casting: Flame Tongue
Confirm with . or Enter, or press ? or * to list all spells.
Aiming: Flame Tongue
Press: ? - help, Shift-Dir - straight line, f - kobold
Aim: a kobold The flame tongue hits the kobold.
The kobold is severely wounded.
The kobold throws a stone.
The stone hits you but does no damage.
Casting: Flame Tongue
Confirm with . or Enter, or press ? or * to list all spells.
Aiming: Flame Tongue
Press: ? - help, Shift-Dir - straight line, f/p - kobold
Aim: a kobold (severely wounded)
The flame tongue misses the kobold.
Casting: Flame Tongue
Confirm with . or Enter, or press ? or * to list all spells.
You don't have enough magic to cast that spell.
You closely miss the kobold.
The kobold is severely wounded.
The kobold closely misses you.
You miss the kobold.
The kobold is severely wounded.
The kobold completely misses you.
You barely miss the kobold. You bite the kobold, but do no damage.
The kobold is severely wounded.
The kobold closely misses you.
You hit the kobold.
You kill the kobold!
Unknown command.
The dart slug launches a dart at you. The slug dart misses you.
The dart slug closely misses you.
Found a scale mail.
Found a stone staircase leading down.
You see here a kobold corpse.
You barely miss the dart slug. You hit the dart slug but do no damage.
The dart slug barely misses you.
You hit the dart slug but do no damage. The dart slug barely misses you.
You hit the dart slug but do no damage. The dart slug closely misses you.
You barely miss the dart slug. You hit the dart slug.
The dart slug is moderately wounded.
The dart slug bites you but does no damage.
You completely miss the dart slug.
The dart slug is moderately wounded.
The dart slug barely misses you.
You hit the dart slug.
The dart slug is heavily wounded.
You hit the dart slug.
The dart slug is heavily wounded.
The dart slug barely misses you.
You hit the dart slug.
The dart slug is almost dead.
The dart slug bites you.
* * * LOW HITPOINT WARNING * * *
You hit the dart slug.
You kill the dart slug!
You see here a dart slug corpse.
There is a stone staircase leading down here.
You climb downwards.
A rat, a worm and a goblin come into view.
Found a scroll labeled IFYIMA LEFEOM.
Found a stone staircase leading down.
There is a stone staircase leading up here.
A goblin comes into view. It is wielding a dagger of venom.
You see here a scroll labeled IFYIMA LEFEOM.
e - a scroll labeled IFYIMA LEFEOM An adder comes into view.
The rat misses you. The rat bites you.
* * * LOW HITPOINT WARNING * * *
Found a faded altar of an unknown god.
Unknown command.
The rat misses you.
You enter the shallow water.
Moving in this stuff is going to be slow.
The goblin shouts!
You hear an angry hiss.
A leopard gecko comes into view.
You enter the shallow water.
Moving in this stuff is going to be slow.
The adder hisses angrily.
The goblin shouts!
Found a dagger.
The adder bites you.
You die...

..................
....................
S..................=
###........#......##
...###.....≈..≈≈...
.......≈≈≈.≈..≈≈..≈≈
######..≈≈≈≈≈≈g≈≈≈≈.
#.≈.≈≈S≈≈≈≈≈≈.≈
#.≈.g≈r@≈≈≈≈≈≈.
#...≈≈≈♣.≈≈≈≈).
#..≈≈≈≈._.≈≈≈..
#..≈≈≈≈≈♣♣≈≈≈..
#...≈≈≈≈≈≈≈≈≈.≈
##.≈≈≈≈≈≈≈≈≈≈..
#≈.≈≈≈≈≈≈≈≈≈..
#≈≈.≈.≈≈≈...≈.


You could see an adder, 2 goblins and a rat.

Vanquished Creatures
  3 dart slugs (D:1)
  A bat (D:1)
  A goblin (D:1)
  2 hobgoblins (D:1)
  2 kobolds (D:1)
9 creatures vanquished.

Notes
Turn   | Place    | Note
-------+----------+-------------------------------------------
     0 | D:1      | tidbits the Gnoll Fire Elementalist began the quest for the Orb.
     0 | D:1      | Reached XP level 1. HP: 13/13 MP: 6/6
   100 | D:1      | Reached skill level 2 in Conjurations
   100 | D:1      | Reached XP level 2. HP: 19/19 MP: 3/7
   167 | D:1      | HP: 2/20 [dart slug (3)]
   179 | D:2      | Found a faded altar of an unknown god.
   179 | D:2      | HP: 1/20 [rat (2)]
   187 | D:2      | Slain by an adder

Skill      XL: |  1 |
---------------+----+-----
Conjurations   | 2 |  2.0
Fighting       | |  0.4
Short Blades   | |  0.4
Long Blades    | |  0.4
Axes           | |  0.4
Maces & Flails | |  0.4
Polearms       | |  0.4
Staves         | |  0.4
Slings         | |  0.4
Bows           | |  0.4
Crossbows      | |  0.4
Throwing       | |  0.4
Armour         | |  0.4
Dodging        | |  4.5
Stealth        | |  4.1
Shields        | |  0.4
Unarmed Combat | |  0.4
Spellcasting   | |  4.9
Hexes          | |  0.2
Charms         | |  0.2
Summonings     | |  0.2
Necromancy     | |  0.2
Translocations | |  0.2
Transmutations | |  0.2
Fire Magic     | |  5.3
Ice Magic      | |  0.2
Air Magic      | |  0.2
Earth Magic    | |  0.2
Poison Magic   | |  0.2
Invocations    | |  0.5
Evocations     | |  0.4

Action                   || total
-------------------------++-------
Melee: Unarmed           ||    17
       Punch             ||     1
       Bite              ||     1
 Cast: Flame Tongue      ||    16
  Use: Scroll            ||     1
Armor: Robe              ||     1
Dodge: Dodged            ||    18

Table legend:
 A = Turns spent in this place as a percentage of turns spent in the entire game.
 B = Non-inter-level travel turns spent in this place as a percentage of non-inter-level travel turns spent in the entire game.
 C = Inter-level travel turns spent in this place as a percentage of turns spent in this place.
 D = Turns resting spent in this place as a percentage of non-inter-level travel turns spent in this place.
 E = Turns spent auto-exploring this place as a percentage of non-inter-level travel turns spent in this place.
 F = Non-inter-level travel turns spent in this place divided by the number of levels of this place that you've seen.
                   A       B       C       D       E      F
               +-------+-------+-------+-------+-------+----------------------
         Total | 100.0 | 100.0 |   0.0 |   0.0 |   0.0 |  93.5
       Dungeon | 100.0 | 100.0 |   0.0 |   0.0 |   0.0 |  93.5
               +-------+-------+-------+-------+-------+----------------------

Table legend:
 A = Kills in this place as a percentage of kills in entire the game.
 B = Kills by you in this place as a percentage of kills by you in the entire game.
 C = Kills by friends in this place as a percentage of kills by friends in the entire game.
 D = Other kills in this place as a percentage of other kills in the entire game.
 E = Experience gained in this place as a percentage of experience gained in the entire game.
 F = Experience gained in this place divided by the number of levels of this place that you have seen.
                   A       B       C       D       E      F
               +-------+-------+-------+-------+-------+----------------------
         Total | 100.0 | 100.0 |   N/A |   N/A | 100.0 |  11.5
       Dungeon | 100.0 | 100.0 |   N/A |   N/A | 100.0 |  11.5
               +-------+-------+-------+-------+-------+----------------------

Vault maps used:
D:1:      tarquinn_simple_flora_water_e
D:2:      lemuel_coloured_pillars_altar, chequers_ecumenical_altar_island,
          minmay_cupped
